 Dungeon Crawl Stone Soup version 0.22-a0-422-g9628fc8 (webtiles) character file.

2317 Borgoz the Cleaver (level 9, -1/80 HPs)
             Began as a Minotaur Gladiator on May 22, 2018.
             Was a Follower of Kikubaaqudgha.
             Slain by a killer bee (8 damage)
             ... on level 7 of the Dungeon.
             The game lasted 00:09:26 (7249 turns).

Borgoz the Cleaver (Minotaur Gladiator)             Turns: 7249, Time: 00:09:27

Health: -1/80      AC:  7    Str: 19    XL:     9   Next: 18%
Magic:  8/8        EV: 16    Int:  5    God:    Kikubaaqudgha [*.....]
Gold:   505        SH:  0    Dex: 15    Spells: 8/8 levels left

rFire    . . .     SeeInvis .   a - +0 war axe
rCold    + . .     Gourm    .   (no shield)
rNeg     . . .     Faith    .   b - +0 leather armour
rPois    .         Spirit   .   c - +0 hat
rElec    .         Reflect  .   (no cloak)
rCorr    .         Harm     .   (no gloves)
MR       .....                  r - +2 pair of boots
Stlth    ..........             (no amulet)
HPRegen  0.23/turn              g - ring of loudness (curse)
MPRegen  0.11/turn              B - ring of protection from cold

@: no status effects
A: retaliatory headbutt, horns 2
a: Receive Corpses, Renounce Religion


You were on level 7 of the Dungeon.
You worshipped Kikubaaqudgha.
Kikubaaqudgha was aware of your devotion.
You were hungry.

You visited 2 branches of the dungeon, and saw 8 of its levels.

You collected 505 gold pieces.

Inventory:

Hand Weapons
 a - a +0 war axe (weapon)
Missiles
 d - 5 throwing nets (quivered)
Armour
 b - a +0 leather armour (worn)
 c - a +0 hat (worn)
 r - a +2 pair of boots (worn)
Jewellery
 g - a cursed ring of loudness (left hand)
 k - an uncursed ring of fire
 B - a ring of protection from cold (right hand)
 D - an uncursed ring of flight {unknown}
 G - an uncursed ring of resist corrosion {unknown}
 H - a cursed -5 ring of protection {unknown}
Wands
 m - a wand of random effects (59)
 s - a wand of polymorph (20)
 t - a wand of acid (5)
Scrolls
 e - a scroll of noise {unknown}
 i - 2 scrolls of immolation {unknown}
 j - 7 scrolls of identify {unknown}
 l - 3 scrolls of teleportation {unknown}
 o - 6 scrolls of remove curse {unknown}
 v - a scroll of fog {unknown}
 x - a scroll of fear {unknown}
 y - a scroll of enchant armour {unknown}
 z - a scroll of amnesia {unknown}
 C - a scroll of blinking {unknown}
 E - a scroll of torment {unknown}
 K - 2 scrolls of magic mapping {unknown}
 L - a scroll of random uselessness {unknown}
Potions
 h - a potion of haste {unknown}
 n - a potion of ambrosia {unknown}
 q - a potion of might {unknown}
 u - 2 potions of mutation {unknown}
 w - 2 potions of brilliance {unknown}
 A - a potion of heal wounds {unknown}
 F - 2 potions of cancellation {unknown}
 J - a potion of agility {unknown}
 M - 2 potions of resistance {unknown}
Comestibles
 f - 5 rations


   Skills:
 + Level 7.7 Fighting
 + Level 8.2 Axes
 - Level 2.0 Throwing
 + Level 7.2 Armour
 + Level 7.5 Dodging


You had 8 spell levels left.
You didn't know any spells.
Your spell library contained the following spells:

 Spells                   Type           Power        Failure   Level  Hunger
 Pain                     Necr           #...         52%         1    ##.....
 Regeneration             Chrm/Necr      #.........   88%         3    ####...
 Sublimation of Blood     Necr           #.........   67%         2    ###....
 Corpse Rot               Necr           N/A          67%         2    ###....


Dungeon Overview and Level Annotations

Branches:
Dungeon (7/15)             Temple (1/1) D:4

Altars:
Ashenzari
Cheibriados
Dithmenos
Elyvilon
Fedhas
Gozag
Hepliaklqana
Kikubaaqudgha
Makhleb
Nemelex Xobeh
Okawaru
Qazlal
Ru
Sif Muna
Trog
Uskayaw
Vehumet
Wu Jian
Xom
Yredelemnul
Zin
The Shining One

Shops:
D:4 (


Innate Abilities, Weirdness & Mutations

You reflexively headbutt those who attack you in melee.
You have a pair of horns on your head.


Message History

Unknown command.
You slash the bullfrog!
You kill the bullfrog!
Kikubaaqudgha accepts your kill.
The killer bee stings you but does no damage.
You closely miss the killer bee. The killer bee misses you.
The killer bee barely misses you. You furiously retaliate!
You headbutt the killer bee! You hit the killer bee.
The killer bee is severely wounded.
The killer bee barely misses you. The killer bee stings you.
* * * LOW HITPOINT WARNING * * *
The orc priest mumbles some strange prayers to Beogh against you.
Beogh smites you!
* * * LOW HITPOINT WARNING * * *
You miss the killer bee. Your headbutt misses the killer bee.
The killer bee is severely wounded.
The killer bee completely misses you. The killer bee stings you!
You die...
Kikubaaqudgha rasps: "You have failed me!
Welcome... death!"

#####################
...)†................
....)..........####
####)†)#######.#
#...# #.# #...# #.#
#.......###.#####o##.
#..(.........@y{ooyo.
##.#...=###.#####y##.
#.#....# #.. #.#....#
##. .. #. ..


You could see 3 killer bees, 2 orc priests and 2 orcs.

Vanquished Creatures
  The ghost of Tiareth the Conjurer, an amateur DECj (D:3)
  Sigmund (D:6)
  An orc warrior (D:6)
  2 ice beasts (D:6)
  A phantom (D:5)
  An ogre (D:6)
  A centaur (D:5)
  Blork the orc (D:5)
  A bullfrog (D:7)
  4 scorpions
  3 killer bees (D:7)
  3 jellies (D:6)
  A centaur zombie (D:6)
  2 crimson imps
  3 hounds
  A gnoll shaman (D:4)
  2 orc priests (D:6)
  3 orc wizards (D:7)
  Ijyb (D:3)
  2 iguanas
  6 worker ants
  A hound zombie (D:5)
  A worker ant zombie (D:5)
  8 gnolls (D:4)
  5 adders
  A shadow imp (D:6)
  2 oozes
  An adder zombie (D:7)
  An adder skeleton (D:6)
  4 worms
  3 leopard geckos
  16 orcs
  2 ball pythons
  7 bats
  6 giant cockroaches
  19 goblins
  8 hobgoblins
  16 jackals
  4 kobolds
  3 quokkas
  2 frilled lizards
  8 rats
159 creatures vanquished.

Notes
Turn   | Place    | Note
-------+----------+-------------------------------------------
     0 | D:1      | Borgoz the Minotaur Gladiator began the quest for the Orb.
     0 | D:1      | Reached XP level 1. HP: 18/18 MP: 0/0
    78 | D:1      | Reached XP level 2. HP: 18/25 MP: 1/1
    80 | D:1      | Reached skill level 1 in Armour
   150 | D:1      | Reached skill level 4 in Axes
   391 | D:2      | Reached XP level 3. HP: 15/31 MP: 2/2
  1287 | D:2      | Found a stormy altar of Qazlal.
  1294 | D:2      | Reached XP level 4. HP: 38/38 MP: 3/3
  1726 | D:3      | Noticed Tiareth's ghost (amateur DECj)
  2175 | D:3      | Killed Tiareth's ghost
  2175 | D:3      | Reached skill level 5 in Axes
  2175 | D:3      | Reached XP level 5. HP: 15/46 MP: 4/4
  2450 | D:3      | Reached XP level 6. HP: 52/52 MP: 5/5
  2534 | D:3      | Noticed Ijyb
  2542 | D:3      | Killed Ijyb
  3278 | D:4      | Reached skill level 5 in Dodging
  3763 | D:4      | Reached skill level 5 in Fighting
  3763 | D:4      | Reached XP level 7. HP: 48/61 MP: 6/6
  3962 | D:4      | Found a staircase to the Ecumenical Temple.
  4126 | Temple   | Entered the Ecumenical Temple
  4243 | Temple   | Became a worshipper of Kikubaaqudgha
  4510 | D:4      | Found Tailie Naps's Weapon Shop.
  4640 | D:5      | Entered Level 5 of the Dungeon
  4662 | D:5      | Found an ornate altar of the Wu Jian Council.
  4722 | D:5      | Reached skill level 6 in Axes
  5176 | D:5      | Noticed Blork the orc
  5204 | D:5      | Killed Blork the orc
  5204 | D:5      | Reached skill level 5 in Armour
  5632 | D:6      | Reached XP level 8. HP: 46/70 MP: 7/7
  5982 | D:6      | Reached skill level 7 in Axes
  6448 | D:6      | Reached * piety under Kikubaaqudgha
  6448 | D:6      | Identified Kikubaaqudgha's Papyrus of Black Magic (Kikubaaqudgha gifted it to you on level 6 of the Dungeon)
  6448 | D:6      | Received a gift from Kikubaaqudgha
  6463 | D:6      | Noticed Sigmund
  6470 | D:6      | Killed Sigmund
  6490 | D:6      | Reached XP level 9. HP: 4/79 MP: 8/8
  7178 | D:7      | Reached skill level 8 in Axes
  7249 | D:7      | Slain by a killer bee

Vault maps used:
D:1:      matt_arrival_grand_opening
D:2:      dk_noncrumbling_2, grunt_qazlal_clouds
D:3:      kennysheep_goblin_castle, first_ration, minmay_misc_feat_rugged,
          minmay_distorted
D:4:      minmay_temple_entry_fiery, serial_shops, shop
D:5:      lemuel_crystal_altar, uniq_blork_the_orc
D:6:      uniq_sigmund
Temple:   kilobyte_greek_temple

Skill      XL: |  1  2  3  4  5  6  7  8  9 |
---------------+----------------------------+-----
Armour         | 1 2 3 4 5 6 7 |  7.2
Axes           | 4 5 6 7 8 |  8.2
Fighting       | 3 4 5 7 |  7.7
Dodging        | 4 5 6 7 |  7.5
Throwing       | |  2.0

Action                   |  1- 3 |  4- 6 |  7- 9 || total
-------------------------+-------+-------+-------++-------
Melee: War axe           |    63 |   121 |   233 ||   417
       Headbutt          |     8 |    12 |    44 ||    64
  Use: Potion            |       |     1 |     4 ||     5
 Stab: Sleeping          |       |     1 |       ||     1
  Eat: Chunk             |     1 |     8 |     4 ||    13
       Ration            |       |       |     2 ||     2
Armor: Leather armour    |    18 |    28 |    51 ||    97
Dodge: Dodged            |    42 |   106 |   191 ||   339

Table legend:
 A = Spawn XP
 B = Non-spawn XP
 C = Spawn XP percentage of total XP
 D = Spawn monster count
 E = Non-spawn monster count
 F = Spawn count percentage of total count
 G = Total turns spent on level
                    A         B        C        D         E        F      G
               +---------+---------+-------+---------+---------+-------+---------
         Total |       0 |    3311 |   0.0 |       0 |     159 |   0.0 |  7249
               +---------+---------+-------+---------+---------+-------+---------
           D:1 |       0 |      34 |   0.0 |       0 |      18 |   0.0 |   379
           D:2 |       0 |      66 |   0.0 |       0 |      19 |   0.0 |  1326
           D:3 |       0 |     349 |   0.0 |       0 |      34 |   0.0 |  1271
           D:4 |       0 |     399 |   0.0 |       0 |      22 |   0.0 |  1506
           D:5 |       0 |     542 |   0.0 |       0 |      16 |   0.0 |   978
           D:6 |       0 |    1446 |   0.0 |       0 |      31 |   0.0 |  1384
           D:7 |       0 |     475 |   0.0 |       0 |      19 |   0.0 |   247
               +---------+---------+-------+---------+---------+-------+---------
